 Dungeon Crawl Stone Soup version 0.30.1-3-gfc49f6343a (webtiles) character file.

Game seed: 12614944918462027858

196 boopmooplesden the Shield-Bearer (level 6, -6/48 HPs)
             Began as a Formicid Fighter on Aug 8, 2023.
             Killed by nerve-wracking pain
             ... invoked by an orc priest
              (11 damage)
             ... on level 3 of the Dungeon.
             The game lasted 00:03:45 (2692 turns).

boopmooplesden the Shield-Bearer (Formicid Fighter) Turns: 2692, Time: 00:03:46

Health: -6/48      AC: 16    Str: 23    XL:     6   Next: 4%
Magic:  6/6        EV:  6    Int:  7    God:
Gold:   200        SH:  5    Dex: 13    Spells: 5/5 levels left

rFire   . . .        a - +0 quarterstaff
rCold   . . .        c - +0 buckler
rNeg    . . .        s - +0 plate armour
rPois   .            (helmet unavailable)
rElec   .            d - scarf {shadows}
rCorr   .            (no gloves)
SInv    +            (no boots)
Will    .....        (no amulet) Stlth
                     i - +4 ring of protection
HPRegen 0.28/turn    (no ring)
MPRegen 0.10/turn

%: no passive effects
@: no status effects
A: permanent stasis, dig shafts and tunnels, antennae 3, four strong arms
a: Dig, Shaft Self


You were on level 3 of the Dungeon.
You visited 1 branch of the dungeon, and saw 3 of its levels.

You collected 200 gold pieces.

Inventory:

Hand Weapons
 a - a +0 quarterstaff (weapon)
 q - a +2 vampiric whip
Armour
 b - a +0 scale mail
 c - a +0 buckler (worn)
 d - a scarf of shadows (worn)
 e - a +0 scale mail
 s - a +0 plate armour (worn)
Jewellery
 i - a +4 ring of protection (left hand)
 p - an amulet of magic regeneration
Scrolls
 g - 2 scrolls of fog
 j - a scroll of amnesia {unknown}
 n - a scroll of noise {unknown}
 r - 2 scrolls of identify {unknown}
 t - a scroll of enchant armour {unknown}
Potions
 f - a potion of flight {unknown}
 h - 2 potions of curing
 k - a potion of berserk rage {unknown}
 l - a potion of heal wounds {unknown}
 m - a potion of degeneration {unknown}
 o - 2 potions of haste {unknown}


   Skills:
 + Level 4.0 Fighting
 + Level 4.1 Staves
 + Level 4.4 Armour
 + Level 0.3 Dodging
 + Level 0.2 Stealth
 + Level 4.5 Shields


You had 5 spell levels left.
You didn't know any spells.
Your spell library contained the following spells:

 Spells                   Type           Power      Damage    Failure   Level
 Beastly Appendage        Tmut           0%         N/A       100%        1
 Ensorcelled Hibernation  Hex/Ice        0%         N/A       100%        2
 Passwall                 Tmut/Erth      0%         N/A       100%        2
 Wereblood                Tmut           0%         N/A       100%        2
 Call Canine Familiar     Summ           0%         N/A       100%        3
 Portal Projectile        Hex/Tloc       0%         N/A       100%        3
 Spider Form              Tmut/Pois      0%         N/A       100%        3
 Leda's Liquefaction      Hex/Erth       0%         N/A       100%        4
 Swiftness                Air            Unusable   N/A       N/A         3

Dungeon Overview and Level Annotations

Branches:
Dungeon (3/15)

Altars:
Qazlal


Innate Abilities, Weirdness & Mutations

You cannot be hasted, slowed, berserked, paralysed or teleported.
You can dig through walls and to a lower floor.
You have a pair of large antennae on your head. (SInv)
Your four strong arms can wield two-handed weapons with a shield.


Message History

You hit the orc.
The orc is heavily wounded.
The orc hits you but does no damage.
You sock the orc!
You kill the orc!
You hit the orc.
The orc is severely wounded.
The orc hits you but does no damage.
You barely miss the orc.
The orc is severely wounded.
You block the orc's attack.
You thump the orc!
You kill the orc!
You hit the orc priest.
The orc priest is lightly wounded.
The orc priest hits you but does no damage. x2
You hit the orc priest but do no damage.
The orc priest is lightly wounded.
The orc priest barely misses you.
You sock the orc priest!
The orc priest is severely wounded.
The orc priest hits you but does no damage.
You closely miss the orc priest.
The orc priest is severely wounded.
The orc priest hits you but does no damage.
You sock the orc priest!
You kill the orc priest!
You have reached level 6!
Items here: )))) [[ ††.
The orc priest invokes the aid of Beogh against you.
Beogh smites you!
The orc priest mumbles some strange prayers to Beogh against you.
Beogh smites you!
There is a stone staircase leading up here.
The orc priest mumbles some strange prayers to Beogh against you.
Pain shoots through your body!
* * * LOW HITPOINT WARNING * * *
The orc priest calls down the wrath of Beogh upon you.
Pain shoots through your body!
You die...

.#
#..#####.##
.# #..#{
{#.# .#
#..#.. #.#
.# #..#.#
#.# .#
#..#.#.#.#
.#
#..#.#o#.#
.#####
#..#.#.#.#
>....#
#..#o#.#.#
.###.#
#..#@#.#.#
.# #.####
#..#.#.#.#
.###....#
#..#<..#.#
........#
#..#.###.#
.)......#
#..#.)...#
........#
#..#######
........#
#..#
†####...#
#..#
.####...#
#..#


You could see an orc priest.

Vanquished Creatures
  2 orc priests (D:3)
  An orc wizard (D:3)
  4 adders
  A worm (D:2)
  3 dart slugs
  5 orcs (D:3)
  3 ball pythons
  8 bats
  7 endoplasms
  3 giant cockroaches
  5 hobgoblins
  4 kobolds
  2 quokkas
  4 frilled lizards (D:2)
  7 goblins
  2 rats (D:1)
61 creatures vanquished.

Notes
Turn   | Place    | Note
-------+----------+-------------------------------------------
     0 | D:1      | boopmooplesden the Formicid Fighter began the quest for the
                  | Orb.
     0 | D:1      | Reached XP level 1. HP: 18/18 MP: 1/1
   201 | D:1      | Reached XP level 2. HP: 24/24 MP: 2/2
   252 | D:1      | Found a faded altar of an unknown god.
   644 | D:1      | Reached XP level 3. HP: 29/29 MP: 3/3
  1275 | D:2      | Reached XP level 4. HP: 37/37 MP: 4/4
  1884 | D:3      | Found a stormy altar of Qazlal.
  1924 | D:3      | Reached XP level 5. HP: 42/42 MP: 5/5
  2688 | D:3      | Reached XP level 6. HP: 41/48 MP: 6/6
  2692 | D:3      | Killed from afar by an orc priest

Illustrated notes

Levels and vault maps discovered:
D:1:      lemuel_arrival_muddy, layout_basic, basic_ecumenical_altar,
          hangedman_decor_lopped
D:2:      layout_loops_corners, minmay_joined_circles
D:3:      layout_basic, nicolae_qazlal_scattered_showers, amethyst_killhole,
          minivault_19

Skill      XL: |  1  2  3  4  5 |
---------------+----------------+-----
Staves         | 3 4 |  4.1
Fighting       | 4 |  4.0
Armour         | 4 |  4.4
Dodging        | |  0.3
Stealth        | |  0.2
Shields        | |  4.5

Action                     |  1- 3 |  4- 6 || total
---------------------------+-------+-------++-------
  Melee: Quarterstaff      |    77 |    81 ||   158
    Use: Scroll            |     1 |     3 ||     4
         Potion            |     1 |     1 ||     2
 Armour: Scale mail        |    34 |    38 ||    72
         Plate armour      |       |    10 ||    10
  Dodge: Dodged            |    35 |    30 ||    65
  Block: Buckler           |    13 |    14 ||    27
